 Dungeon Sprint DCSS version 0.27.1-1-g398f81649c (webtiles) character file.

Game seed: 3048869708640838370

3 ugugthedestroyer the Skirmisher (level 1, 0/19 HPs)
             Began as a Demonspawn Abyssal Knight on Sept 7, 2021.
             Was a Believer of Lugonu.
             Succumbed to Crazy Yiuf's poison
             ... in the Dungeon (Sprint III: "The Ten Rune Challenge").
             The game lasted 00:00:15 (131 turns).

ugugthedestroyer the Skirmisher (DsAK)               Turns: 131, Time: 00:00:15

Health: 0/19       AC:  3    Str: 12    XL:     1   Next: 41%
Magic:  2/2        EV: 11    Int: 13    God:    Lugonu [**....]
Gold:   0          SH:  0    Dex: 12    Spells: 0/0 levels left

rFire    . . .     SeeInvis .   a - +1 falchion
rCold    . . .     Faith    .   (no shield)
rNeg     . . .     Spirit   .   b - +0 leather armour
rPois    .         Reflect  .   (no helmet)
rElec    .         Harm     .   (no cloak)
rCorr    .         Rampage  .   (no gloves)
Will     .....     NoTele   +   (no boots)
Stlth    +.........             (no amulet)
HPRegen  0.06/turn              (no ring)
MPRegen  0.08/turn              (no ring)

@: lethally poisoned (0 -> -27)
A: no striking features
a: Renounce Religion, Bend Space


You were in the Dungeon.
You worshipped Lugonu.
Lugonu was pleased with you.
You visited 1 branch

Inventory:

Hand Weapons
 a - a +1 falchion (weapon)
Armour
 b - a +0 leather armour (worn)
Scrolls
 h - a scroll of blinking
 i - a scroll of identify {unknown}
Potions
 c - a potion of curing
 d - a potion of heal wounds
 e - a potion of haste
 f - 2 potions of magic
 g - a potion of berserk rage


   Skills:
 + Level 3.8 Fighting
 + Level 1.9 Long Blades
 + Level 2.1 Armour
 + Level 0.9 Dodging
 + Level 2.6 Invocations


You couldn't memorise any spells.
You didn't know any spells.
Your spell library was empty.

Dungeon Overview and Level Annotations

Branches:
Dungeon (1/1)

Altars:

Annotations:
D Crazy Yiuf


Message History

Lugonu accepts your kill. The endoplasm freezes you.
You are frozen.
You see here a rat corpse.
You hit the endoplasm.
The endoplasm is severely wounded.
The endoplasm freezes you.
You are frozen.
You hit the endoplasm.
The endoplasm is almost dead.
The endoplasm misses you.
You riposte.
You hit the endoplasm.
You kill the endoplasm!
Lugonu accepts your kill.
You can now bend space around yourself.
Your Armour skill increases to level 2!
You see here 26 stones.
Number of times to repeat, then command key: 100 HP restored You open the door.
A rat comes into view.
A rat comes into view.
Found a scroll labelled RISCHI XAMU.
There is an open door here.
You slash the rat!
You kill the rat!
Lugonu accepts your kill. The rat closely misses you.
You hit the rat.
The rat is moderately wounded.
The rat barely misses you.
You riposte.
You slash the rat!
You kill the rat!
Lugonu accepts your kill.
i - a scroll labelled RISCHI XAMU You open the door.
There is an open door here.
Crazy Yiuf the Enlightened comes into view.
He is wielding a +4 quarterstaff of chaos.
Crazy Yiuf shouts!
Crazy Yiuf hits you with a +4 quarterstaff of chaos!
Ouch! That really hurt!
You are lethally poisoned!
You closely miss Crazy Yiuf.
You die...

▓▓▓▓ ▓▓▓▓▓▓
▓<.# +....♣♣♣
▓..# #......
▓#'####....♣♣
▓.†...#....≈♣♣♣
▓.....#g..≈≈...
▓....(#@.≈≈≈≈♣♣
▓####'#..≈≈≈≈≈≈
▓...†.#.≈≈≈≈≈≈.
▓.....#.≈≈≈≈≈..
▓.....#.≈≈≈....
▓'#####........
▓..............
▓▓▓▓▓▓▓▓▓▓▓▓▓▓▓


You could see Crazy Yiuf.

Vanquished Creatures
  An endoplasm (D)
  3 rats (D)
4 creatures vanquished.

Vanquished Creatures (others)
  4 plants (D)
4 creatures vanquished.

Grand Total: 8 creatures vanquished

Notes
Turn   | Place    | Note
-------+----------+-------------------------------------------
     0 | D        | ugugthedestroyer the Demonspawn Abyssal Knight began the
                  | quest for the Orb.
     0 | D        | Reached XP level 1. HP: 18/18 MP: 2/2
     7 | D        | Reached ** piety under Lugonu
   127 | D        | Noticed Crazy Yiuf
   131 | D        | Succumbed to Crazy Yiuf's poison

Illustrated notes

Levels and vault maps discovered:
D:        dungeon_sprint_mu [sprint_mu_entry_forest, sprint_mu_temple_rooms,
          sprint_mu_d1_horrors, sprint_mu_d2_genie, sprint_mu_d3_branching,
          sprint_mu_orc_legion, sprint_mu_elf_gauntlet, sprint_mu_hive_nellie,
          sprint_mu_lair_fedhas, sprint_mu_vaults_butterflies,
          sprint_mu_slime_circle, sprint_mu_swamp_cave, sprint_mu_shoals_archi,
          sprint_mu_blade_basic, sprint_mu_crypt_chambers,
          sprint_mu_tomb_spiral, sprint_mu_vestibule_basic,
          sprint_mu_gehenna_hellfire, sprint_mu_dis_giant,
          sprint_mu_tartarus_statrot, sprint_mu_cocytus_islands, sprint_mu_zot1]

Skill      XL: |  1 |
---------------+----+-----
Armour         | 2 |  2.1
Fighting       | |  3.8
Long Blades    | |  1.9
Dodging        | |  0.9
Invocations    | |  2.6

Action                   || total
-------------------------++-------
Melee: Falchion          ||     6
Dodge: Dodged            ||     3
       Rpst.: Falchion   ||     2
